AoeStats
← Low_Fuchs

Arabia

510475236Analyzed
1v1 RM · 17h ago on Oct 1, 2026· 28m 30s· 2 players
Game mode
Random Map
Map size
Tiny (2 player)
Population
200
Speed
Normal
Resources
Standard
Victory
Conquest
Starting age
Dark Age
Ending age
Imperial Age
RankedLock teamsTeams togetherTeam positionsShared explorationLock speedFull tech treeHidden civsTurbo modeCheats
Victory
Defeat
🇨🇱 Ethiopians · Chile
1521
+20
🇩🇪 Burgundians · Germany
1613
-20
PilSeN___
6:37 Loom
8:44 Feudal Age
11:48 Double-Bit Axe
20:27 Castle Age
18:31 Horse Collar
18:42 Gold Mining
20:15 Fletching
21:24 Bow Saw
21:11 Bodkin Arrow
20:38 Crossbowman
21:35 Town Watch
23:56 Padded Archer Armor
25:39 Town Patrol
26:16 Wheelbarrow
29:14 Thumb Ring
29:14 Thumb Ring
Low_Fuchs
7:13 Loom
9:17 Feudal Age
9:18 Double-Bit Axe
9:13 Horse Collar
16:34 Fletching
22:27 Castle Age
20:56 Bow Saw
20:47 Heavy Plow
22:06 Wheelbarrow
21:23 Gold Mining
22:32 Elite Skirmisher
23:08 Bodkin Arrow
23:14 Padded Archer Armor
Connection lost

Rejoining the realm…

Still unreachable

The connection could not be restored.

Session expired

The server has moved on; the page needs a fresh start.